 Dungeon Sprint DCSS version 0.04.2-19-ga012a504bd (webtiles) character file.

Game seed: 6709416399045691659, levelgen mode: deterministic

428 diana the Thaumaturge (level 6, -1/39 HPs) Deep Elf Fire Elementalist. Began on May 23, 2021. Was a Follower of Vehumet. Slain by an ice devil (10 damage) ... summoned by a deep elf mage ... in the Dungeon (Sprint V: "Ziggurat Sprint"). The game lasted 00:01:29 (119 turns).

diana the Thaumaturge (Deep Elf Fire Elementalist)   Turns: 119, Time: 00:01:30

Health: -1/39      AC: 27    Str: 15    XL:     6 ^: 121
Magic:  14/19      EV: 11    Int: 22    God:    Vehumet [1* [35]]
Gold:   0          SH:  0    Dex: 15    Spells: 20/21 levels left

rFire    . . .     Vision   .   E - +5 lajatang
rCold    . . .     Gourm    .   (also wielding the above weapon)
rNeg     . . .     Faith    .   D - +15 Maxwell's patent armour {-Cast -Tele rElec MR+ rCorr}
rPois    .         Spirit   .   (no helmet)
rElec    +         Reflect  .   (no cloak)
rCorr    +         Harm     .   (no gloves)
MR       +....     NoTele   +   (no boots) Stlth ..........NoCast +
                                (no amulet)
HPRegen  0.23/turn              x - ring of strength
MPRegen  0.29/turn              y - ring of strength

@: no status effects
A: no striking features
a: Renounce Religion


You were in the Dungeon.
You worshipped Vehumet.
Vehumet was aware of your devotion.
You were not hungry.

You visited 1 branch

Inventory:

Weapons
 E - a +5 lajatang (weapon)
Armour
 a - a +0 robe
 D - the +15 Maxwell's patent armour (worn) {-Cast -Tele rElec MR+ rCorr}
   (You found it in the Dungeon)

   It insulates you from electricity.
   It affects your resistance to hostile enchantments.
   It prevents spellcasting.
   It prevents most forms of teleportation.
   It provides partial protection from all sources of acid and corrosion.
Magical Staves
 C - the +6 Majin-Bo {vampiric, corrupt archmagi; MP+6 Int+6}
   (You found it in the Dungeon)

   [staff of ]

   Base accuracy: +5 Base damage: 5 Base attack delay: 1.2 This weapon's minimum
   attack delay (0.6) is reached at skill level 12.
   The minimum and maximum damage of damaging spells cast with this staff are
   significantly increased.
   It falls into the 'Staves' category.
   It is one handed.
   Its enchantment grants additive spellpower to the spells it enhances.
Jewellery
 t - an uncursed ring of dexterity
 u - an uncursed ring of dexterity
 v - an uncursed ring of intelligence
 w - an uncursed ring of intelligence
 x - a ring of strength (left hand)
 y - a ring of strength (right hand)
Wands
 z - a wand of disintegration (7)
 A - a wand of iceblast (7)
 B - a wand of acid (7)
Scrolls
 i - 4 scrolls of blinking
 o - 4 scrolls of amnesia
 p - 8 scrolls of fog
 q - a scroll of holy word
 r - 5 scrolls of bless item
 s - 2 scrolls of fear
Potions
 b - 2 potions of brilliance
 d - 10 potions of curing
 e - 10 potions of heal wounds
 f - 6 potions of haste
 g - 7 potions of magic
 h - 3 potions of berserk rage
 j - 2 potions of invisibility
 k - 4 potions of resistance
 m - 5 potions of agility
 n - 5 potions of might
Miscellaneous
 l - a fan of gales
 F - a crystal ball of energy
Comestibles
 c - 7 rations


   Skills:
 + Level 4.7 Fighting
 + Level 5.7 Maces & Staves
 + Level 4.9 Armour
 + Level 7.7 Dodging
 - Level 2.4 Stealth
 + Level 8.3 Spellcasting
 + Level 7.3 Fire Magic


You had 20 spell levels left.
You knew the following spells:

 Your Spells              Type           Power        Failure   Level  Hunger
a - Foxfire               Fire           25 (25)      2%          1    None

Your spell library contained the following spells:

 Spells                   Type           Power        Failure   Level  Hunger
 Flame Tongue             Fire           30 (30)      2%          1    None
 Searing Ray              Fire           41 (50)      4%          2    None
 Conjure Flame            Fire           41 (100)     9%          3    None
 Inner Flame              Hex/Fire       25 (100)     36%         3    None
 Fireball                 Fire           41 (200)     58%         5    #####..
 Sticky Flame             Fire/Pois      25 (100)     77%         4    ###....


Dungeon Overview and Level Annotations

Branches:
Dungeon (1/1)

Altars:
Ashenzari
Cheibriados
Dithmenos
Elyvilon
Fedhas Madash
Gozag Ym Sagoz
Hepliaklqana
Kikubaaqudgha
Makhleb
Nemelex Xobeh
Okawaru
Qazlal
Ru
Sif Muna
Trog
Uskayaw
Vehumet
Wu Jian
Xom
Yredelemnul
Zin
The Shining One Bahamut & Tiamat
Beogh
Jiyva
Lugonu

Annotations:
D 1 transporter


Message History

You have reached level 6!
Your experience leads to an increase in your attributes!
Your base attributes are Str 5, Int 21, Dex 15.
Increase (S)trength, (I)ntelligence, or (D)exterity?
You feel clever.
The deep elf mage hits you with a +0 long sword (1).
The ice devil hits you but does no damage.
Unknown command.
Unknown command.
Number of times to repeat, then command key: You must enter the number of times for the command to repeat.
The deep elf mage blocks your attack. The redback barely misses you (0).
The ynoxinul gestures.
The deep elf mage hits you with the cursed +8 falchion "Nodaimmi" {vamp, Str+4 +Vis, (Curse: rC- Dex-4)} (4).
The deep elf mage casts a spell at you. The bolt of lightning hits you (6).
You resist. The bolt of lightning hits you (5). You resist.
* * * LOW HITPOINT WARNING * * *
The ice devil hits you (10)!
You die...

▓▓▓▓▓▓▓▓▓▓▓▓▓
▓.858.▓.8©8.▓
▓.)5}3▓)....▓
▓.r5§.▓..)..▓
▓.see.▓.....▓
▓..@4.▓.....▓
▓.....▓..©..▓
▓..©..▓▓▓▓▓▓▓
▓▓▓▓▓▓▓


You could see an ice devil, 2 deep elf magi, a ynoxinul, a redback, a hell rat
and 3 ufetubi.

Vanquished Creatures
  A deep elf mage (D)
  2 orc priests (D)
3 creatures vanquished.

Notes
Turn   | Place    | Note
-------+----------+-------------------------------------------
     0 | D        | diana the Deep Elf Fire Elementalist began the quest for
                  | the Orb.
     0 | D        | Reached XP level 1. HP: 10/10 MP: 6/6
     0 | D        | Found a shimmering blue altar of Sif Muna.
     0 | D        | Found a sacrificial altar of Ru.
     0 | D        | Found a bloodstained altar of Trog.
     0 | D        | Found a stormy altar of Qazlal.
     0 | D        | Found an iron altar of Okawaru.
     0 | D        | Found a sparkling altar of Nemelex Xobeh.
     0 | D        | Found a blossoming altar of Fedhas.
     1 | D        | Found the +6 Majin-Bo {vampiric, corrupt archmagi; MP+6
                  | Int+6}
     1 | D        | Found the +9 ballista "Sniper" {velocity, Acc+∞ +Vis}
     1 | D        | Found the +10 dark maul {crush}
     1 | D        | Found the +15 Maxwell's patent armour {-Cast -Tele rElec
                  | MR+ rCorr}
     1 | D        | Found the +18 shield of the Gong {rElec rN+ MR+ EV-5}
     1 | D        | Found the +14 obsidian axe {chop, +Fly +Vis Soulbond}
     1 | D        | Found the +7 great mace "Firestarter" {inner flame, rF++}
     1 | D        | Found the +6 shillelagh "Devastator" {shatter}
     1 | D        | Found the +11 plutonium sword {*Contam Stlth-}
     1 | D        | Found the +8 lance "Wyrmbane" {slay drac, rPois rF+ rC+
                  | AC+3}
     1 | D        | Found the +9 sword of Zonguldrok {reap}
     1 | D        | Found the +13 scythe of Curses {drain, Soulbond}
     1 | D        | Found the +0 sword of Power
     1 | D        | Found the +7 mace of Variability {chain chaos}
     1 | D        | Found the +7 Singing Sword {slice, sonic wave}
     1 | D        | Found the +8 storm bow {elec, penet}
     2 | D        | Found a transporter.
     2 | D        | Found an ancient bone altar of Kikubaaqudgha.
     2 | D        | Found a viscous altar of Jiyva.
     2 | D        | Found a corrupted altar of Lugonu.
     2 | D        | Found a hazy altar of Hepliaklqana.
     2 | D        | Found a burning altar of Makhleb.
     2 | D        | Found an opulent altar of Gozag.
    56 | D        | Became a worshipper of Vehumet
    77 | D        | Reached skill level 5 in Spellcasting
    77 | D        | Reached XP level 2. HP: 17/17 MP: 7/10
    95 | D        | Entered arena 2.
    95 | D        | Found a transporter.
    98 | D        | Reached skill level 5 in Fire Magic
    98 | D        | Reached XP level 3. HP: 22/22 MP: 11/11
   102 | D        | Reached skill level 5 in Dodging
   113 | D        | Entered arena 3.
   113 | D        | Noticed a deep elf mage
   113 | D        | Noticed a deep elf mage
   113 | D        | Noticed a deep elf mage
   113 | D        | Found a transporter.
   115 | D        | Noticed a ynoxinul
   117 | D        | Noticed an ice devil
   117 | D        | Noticed an ice beast
   118 | D        | Noticed a redback
   118 | D        | Killed a deep elf mage
   118 | D        | Reached * piety under Vehumet
   118 | D        | Offered knowledge of Flame Tongue by Vehumet.
   118 | D        | Reached skill level 5 in Maces & Staves
   118 | D        | Reached skill level 8 in Spellcasting
   118 | D        | Reached XP level 4. HP: 19/30 MP: 13/16
   118 | D        | Reached XP level 5. HP: 22/34 MP: 13/17
   118 | D        | Reached XP level 6. HP: 25/39 MP: 14/19
   119 | D        | Slain by an ice devil

Levels and vault maps discovered:
D:        sprint_v [room_start, room_1, room_2, room_3, room_4, room_5, room_6,
          room_7, room_8, room_9, room_10, room_11, room_12, room_13, room_14,
          room_15, room_16, room_17, room_18, room_19, room_20, room_21,
          room_22, room_23, room_24, room_25, room_26, room_27]

Skill      XL: |  1  2  3 |
---------------+----------+-----
Fighting       | 2 4 |  4.7
Maces & Staves | 2 3 5 |  5.7
Armour         | 2 4 |  4.9
Dodging        | 4 7 |  7.7
Spellcasting   | 5 8 |  8.3
Fire Magic     | 4 5 7 |  7.3
Stealth        | |  2.4

Action                   |  1- 3 |  4- 6 || total
-------------------------+-------+-------++-------
Melee: Lajatang          |     6 |     1 ||     7
  Use: Potion            |     1 |       ||     1
Armor: Plate armour      |     3 |     1 ||     4
Dodge: Dodged            |     3 |     1 ||     4
